[Event "Team 45 45 League T71"]
[Site "Internet Chess Club"]
[Date "2017.01.16"]
[Round "5"]
[White "dabodhi"]
[Black "tamky70"]
[Result "1-0"]
[WhiteElo "1363"]
[BlackElo "1286"]
[Opening "French: Winawer (Nimzovich) variation"]
[ECO "C15"]
[Time "15:00:47"]
[TimeControl "2700+45"]

1. e4 e6 2. d4 d5 3. Nc3 Bb4 4. Bd3 dxe4 5. Bxe4 Bxc3+ 6. bxc3 Nf6 7. Bd3 c6 8.
Ba3 Nbd7 9. Nf3 Nb6 10. Qd2 Nbd5 11. O-O Ne7 12. Rfe1 O-O 13. Rab1 Re8 14. c4
Ng6 15. c3 Qc7 16. Bc1 e5 17. Bxg6 exd4 18. Rxe8+ Nxe8 19. Bd3 c5 20. cxd4 cxd4
21. Nxd4 Nf6 22. Qf4 Qa5 23. Qd2 Qe5 24. Nf3 Qh5 25. Qg5 Qxg5 26. Nxg5 h6 27.
Nf3 Nd7 28. Bb2 Nc5 29. Bc2 Be6 30. Bb3 b6 31. Nd4 Rd8 32. Nxe6 fxe6 33. Rd1
Rxd1+ 34. Bxd1 Kf7 35. Bc2 Nd7 36. h4 h5 37. f3 Nc5 38. Kf2 Na6 39. a3 Nc5 40.
Ke3 g6 41. Kf4 Nd7 42. Kg5 e5 43. Bxg6+ Ke7 44. Bxh5 Kd6 45. Kf5 Kc5 46. Bf7 b5
47. cxb5 Nb6 48. Bxe5 Kxb5 49. h5 Nd7 50. Bd4 {Black resigns} 1-0

[Event "Team 45 45 League T71"]
[Site "Internet Chess Club"]
[Date "2017.01.15"]
[Round "5"]
[White "akshayk06"]
[Black "chesskix"]
[Result "1-0"]
[WhiteElo "1433"]
[BlackElo "1452"]
[Opening "Queen's pawn: London system"]
[ECO "A45"]
[Time "10:00:16"]
[TimeControl "2700+45"]

1. d4 Nf6 2. Bf4 d6 3. e3 g6 4. Nf3 Bg7 5. Be2 O-O 6. h3 Nbd7 7. O-O b6 8. c4
Bb7 9. Nc3 c5 10. d5 a6 11. Rb1 Re8 12. e4 Nh5 13. Bh2 Ne5 14. Nxe5 dxe5 15.
Bxh5 gxh5 16. Qxh5 f6 17. Ne2 Qd6 18. f4 Rf8 19. f5 Rf7 20. Ng3 b5 21. b3 Bc8
22. Qg4 Bd7 23. Nh5 a5 24. Kh1 Kh8 25. Rf3 Rg8 26. Rg3 Qb8 27. Bg1 Qd6 28. Be3
Qb8 29. cxb5 Bxb5 30. Rc1 c4 31. bxc4 Bd7 32. c5 Qf8 33. c6 Bc8 34. Rb1 Ba6 35.
Rb6 Bc4 36. c7 Qc8 37. Rb8 Qxc7 38. Rxg8+ Kxg8 39. Nxg7 Rxg7 40. Qxg7# {Black
checkmated} 1-0

[Event "Team 45 45 League T71"]
[Site "Internet Chess Club"]
[Date "2017.01.15"]
[Round "5"]
[White "Innes"]
[Black "az2112"]
[Result "0-1"]
[WhiteElo "1474"]
[BlackElo "1673"]
[Opening "Sicilian: Smith-Morra gambit"]
[ECO "B21"]
[Time "17:33:04"]
[TimeControl "2700+45"]

1. e4 c5 2. d4 cxd4 3. c3 dxc3 4. Nxc3 d6 5. Bc4 Nf6 6. Nf3 e6 7. O-O Be7 8. h3
O-O 9. Qe2 a6 10. Rd1 Qc7 11. Be3 Nbd7 12. Rac1 b5 13. Bb3 Qb8 14. Bc2 Bb7 15.
g4 Rd8 16. g5 Ne8 17. Nd4 Ne5 18. f4 Nc4 19. f5 d5 20. Qf2 Nxe3 21. Qxe3 dxe4
22. Nxe4 exf5 23. Nxf5 Bf8 24. Rxd8 Qxd8 25. Kh2 Qc7+ 26. Nfg3 Rc8 27. Nf6+ Nxf6
28. Bxh7+ Nxh7 29. Rxc7 Rxc7 30. Nf5 Rc2+ 31. Kg3 Rg2+ 32. Kf4 Nxg5 33. h4 Ne6+
34. Ke5 Bc5 35. Qd3 Rg4 36. Nd6 Bd4+ 37. Kf5 Rf4# {White checkmated} 0-1

[Event "Team 45 45 League T71"]
[Site "Internet Chess Club"]
[Date "2017.01.22"]
[Round "5"]
[White "ChessMaine"]
[Black "drsigmund1"]
[Result "1-0"]
[WhiteElo "1520"]
[BlackElo "1409"]
[Opening "Queen's pawn"]
[ECO "A40"]
[Time "20:00:37"]
[TimeControl "2700+45"]

1. d4 e6 2. e3 d5 3. Nd2 c5 4. c3 Nf6 5. Bd3 Nc6 6. f4 cxd4 7. exd4 Bd6 8. Ndf3
Qc7 9. Ne5 Ne7 10. Ngf3 Nf5 11. Bb5+ Bd7 12. Nxd7 Nxd7 13. Ne5 Rd8 14. Bxd7+
Rxd7 15. Nxd7 Qxd7 16. O-O h5 17. a4 h4 18. a5 Qe7 19. Qa4+ Kf8 20. b3 Rh6 21.
Ba3 Kg8 22. Bxd6 Qxd6 23. Qe8+ Kh7 24. Qxf7 Qa6 25. Rfe1 Rg6 26. Re5 Nd6 27.
Rh5+ Rh6 28. Rxh6+ Kxh6 29. Qxe6+ {Black resigns} 1-0

[Event "Team 45 45 League T71"]
[Site "Internet Chess Club"]
[Date "2017.01.13"]
[Round "5"]
[White "olivermx"]
[Black "seattleblues"]
[Result "1/2-1/2"]
[WhiteElo "1284"]
[BlackElo "1369"]
[Opening "Caro-Kann: two knights variation"]
[ECO "B10"]
[Time "21:02:47"]
[TimeControl "2700+45"]

1. e4 c6 2. Nf3 d5 3. Nc3 dxe4 4. Nxe4 Bf5 5. Ng3 Bg6 6. Bc4 Nd7 7. O-O h6 8. d3
Ngf6 9. h3 e6 10. Bf4 Be7 11. Re1 O-O 12. Ne5 Nxe5 13. Bxe5 Rc8 14. Qd2 Nd5 15.
a3 Bg5 16. Qd1 Qb6 17. b4 Rcd8 18. Ne4 Bxe4 19. Rxe4 Nf6 20. Bxf6 Bxf6 21. Rb1
Qc7 22. Qh5 Rd4 23. Rbe1 Rfd8 24. Qg4 Rxe4 25. Rxe4 Rd6 26. Qg3 Qd7 27. Qg4 Bb2
28. Qh5 Bxa3 29. Rg4 Bb2 30. Qxh6 b5 31. Bb3 Bc3 32. Kh1 Bf6 33. Qf4 Qe7 34. Qf3
Kf8 35. c4 bxc4 36. dxc4 Qd7 37. Ba4 Rd3 38. Qxc6 Rd1+ 39. Kh2 Be5+ 40. g3 Qxc6
41. Bxc6 Rd2 42. Kg1 Rd1+ 43. Kg2 Rc1 44. b5 f5 45. Rh4 Ke7 46. Rh8 Kf6 47. Ra8
Bd4 48. Rf8+ Ke7 49. Re8+ Kd6 50. Rd8+ Kc5 51. Rc8 Kd6 52. Rd8+ Kc5 53. Rc8 Kd6
54. Rd8+ {Game drawn by repetition} 1/2-1/2

[Event "Team 45 45 League T71"]
[Site "Internet Chess Club"]
[Date "2017.01.14"]
[Round "5"]
[White "kllrchris"]
[Black "fishhead"]
[Result "0-1"]
[WhiteElo "1681"]
[BlackElo "1662"]
[Opening "Alekhine's defense: Scandinavian variation"]
[ECO "B02"]
[Time "20:09:56"]
[TimeControl "2700+45"]

1. e4 Nf6 2. Nc3 d5 3. e5 d4 4. exf6 dxc3 5. fxg7 cxd2+ 6. Bxd2 Bxg7 7. Qf3 c6
8. O-O-O Qd5 9. Qxd5 cxd5 10. Ne2 Nc6 11. Nf4 e6 12. Bb5 O-O 13. h4 Ne5 14. Rh3
Ng4 15. Rg3 f5 16. Nh5 Be5 17. f4 Bh8 18. Be2 Kf7 19. Bxg4 fxg4 20. Rxg4 Bd7 21.
Rg3 Rg8 22. Rg5 h6 23. Rxg8 Rxg8 24. f5 exf5 25. Bxh6 Kg6 {White resigns} 0-1

[Event "Team 45 45 League T71"]
[Site "Internet Chess Club"]
[Date "2017.01.17"]
[Round "5"]
[White "kidcobra"]
[Black "Mitochondria"]
[Result "0-1"]
[WhiteElo "1794"]
[BlackElo "1625"]
[Opening "Sicilian: Smith-Morra gambit"]
[ECO "B21"]
[Time "20:00:25"]
[TimeControl "2700+45"]

1. e4 c5 2. d4 cxd4 3. c3 Nf6 4. e5 Nd5 5. cxd4 e6 6. Nf3 Bb4+ 7. Bd2 Qa5 8. a3
Bxd2+ 9. Qxd2 Qxd2+ 10. Nbxd2 O-O 11. Bc4 Ne7 12. Ne4 b6 13. Nd6 Ba6 14. O-O
Bxc4 15. Nxc4 Nbc6 16. Nd6 Nc8 17. Nxc8 Raxc8 18. Rac1 Na5 19. Nd2 Nc6 20. Nf3
Ne7 21. Nd2 Nf5 22. Nb3 Ne7 23. Rfd1 Nd5 24. Nd2 Nf4 25. Kf1 Nd3 26. Rb1 Rc2 27.
b4 Rfc8 28. Ke2 Nf4+ 29. Kf3 Nd5 30. Ne4 Nc3 31. Nxc3 R8xc3+ 32. Kg4 Rxf2 33. g3
Rxh2 34. d5 h5+ 35. Kf4 Rf2+ 36. Ke4 Rfc2 37. dxe6 Rc4+ 38. Ke3 R2c3+ 39. Kf2
dxe6 40. g4 Rxg4 41. Rd7 Rxa3 42. Rc1 Rxb4 43. Rc8+ Kh7 44. Rc2 Kg6 45. Kg2 Rb5
46. Rf2 a5 47. Rdxf7 Rxe5 48. Rb7 Rg5+ 49. Kh2 Rb3 50. Rff7 Rc5 51. Rxg7+ Kh6
52. Rg2 Rc4 53. Re2 e5 54. Re7 Rc5 55. Rg2 Rc6 56. Re8 Rg6 57. Rf2 Rb4 58. Rh8+
Kg5 59. Rg2+ Rg4 60. Rf2 Kh4 61. Kh1 Rg3 62. Re2 Rh3+ 63. Rh2 Rxh2+ 64. Kxh2 Re6
65. Rg8 e4 66. Kh1 e3 67. Kh2 e2 68. Rg7 b5 69. Rg8 e1=Q 70. Rg6 Re2+ 71. Rg2
Rxg2+ 72. Kxg2 Qe2+ 73. Kh1 Kg3 74. Kg1 Qg2# {White checkmated} 0-1

[Event "Team 45 45 League T71"]
[Site "Internet Chess Club"]
[Date "2017.01.12"]
[Round "5"]
[White "Scorpius"]
[Black "smsxman"]
[Result "1-0"]
[WhiteElo "1371"]
[BlackElo "1358"]
[Opening "Blackmar gambit"]
[ECO "B01"]
[Time "11:59:15"]
[TimeControl "2700+45"]

1. e4 d5 2. d4 dxe4 3. Nc3 Bf5 4. f3 Nf6 5. Bg5 e6 6. Bxf6 Qxf6 7. fxe4 Bg6 8.
Nf3 Nc6 9. Bb5 Bb4 10. O-O O-O 11. Bxc6 bxc6 12. Ne5 Qg5 13. Rf3 Bxc3 14. Rg3
Qd2 15. Rxc3 Qxd1+ 16. Rxd1 Bxe4 17. Nxc6 Bxc6 18. Rxc6 Rfc8 19. Rd3 a5 20. a4
g6 21. Kf2 Kg7 22. Kg3 h5 23. h4 Ra7 24. d5 Rd8 25. dxe6 Rxd3+ 26. cxd3 fxe6 27.
Rxe6 Kf7 28. Rc6 Rb7 29. Kf4 Rxb2 30. Rxc7+ Kf6 31. Rc6+ Kf7 32. g3 Rb4+ 33. Rc4
Ke6 34. Kg5 Rb3 35. Rc6+ Kf7 36. Rxg6 Rxd3 37. Kxh5 Rd5+ 38. Rg5 Rd3 39. Rf5+
Ke6 40. Kg4 Rxg3+ 41. Kxg3 Kxf5 42. Kf3 Kg6 43. Ke4 Kh5 44. Kd5 Kxh4 45. Kc5 Kg5
46. Kb5 Kf6 47. Kxa5 Ke7 48. Kb6 Kd7 49. Kb7 Kd6 50. a5 Kc5 51. a6 Kb5 52. a7
{Black resigns} 1-0

[Event "Team 45 45 League T71"]
[Site "Internet Chess Club"]
[Date "2017.01.15"]
[Round "5"]
[White "Visin"]
[Black "UrsaMajor"]
[Result "0-1"]
[WhiteElo "1187"]
[BlackElo "1417"]
[Opening "Caro-Kann: advance variation"]
[ECO "B12"]
[Time "10:20:18"]
[TimeControl "2700+45"]

1. e4 c6 2. d4 d5 3. e5 Bf5 4. Nc3 e6 5. Bd2 c5 6. Be3 cxd4 7. Bxd4 Nc6 8. Bb5
Bb4 9. Ne2 Ne7 10. a3 Ba5 11. O-O O-O 12. b4 Bc7 13. f4 a6 14. Bd3 Bg4 15. Bf2
Rc8 16. Qd2 Bf5 17. Kh1 b5 18. Bh4 Qd7 19. Nd1 Bb6 20. c3 Rc7 21. Ne3 Bxd3 22.
Qxd3 Bxe3 23. Qxe3 Nf5 24. Qf2 Rfc8 25. g4 Nxh4 26. Qxh4 Ne7 27. Rfd1 Rc4 28.
Qf2 Qc6 29. Rd4 Qb6 30. Rc1 Nc6 31. Rcd1 Nxd4 32. Rxd4 Rxd4 33. Qxd4 Qxd4 34.
Nxd4 {White resigns} 0-1

[Event "Team 45 45 League T71"]
[Site "Internet Chess Club"]
[Date "2017.01.15"]
[Round "5"]
[White "cityprosecutor"]
[Black "Elalfer"]
[Result "1/2-1/2"]
[WhiteElo "1720"]
[BlackElo "1602"]
[Opening "Sicilian defense"]
[ECO "B20"]
[Time "20:02:13"]
[TimeControl "2700+45"]

1. e4 c5 2. d3 Nc6 3. g3 g6 4. Bg2 Bg7 5. f4 e5 6. fxe5 Nxe5 7. Nc3 Ne7 8. Nf3
d6 9. Nxe5 dxe5 10. Be3 b6 11. O-O {Game drawn by mutual agreement} 1/2-1/2

[Event "Team 45 45 League T71"]
[Site "Internet Chess Club"]
[Date "2017.01.13"]
[Round "5"]
[White "cayo89"]
[Black "Constrictor"]
[Result "1-0"]
[WhiteElo "1671"]
[BlackElo "1596"]
[Opening "Caro-Kann: exchange variation"]
[ECO "B13"]
[Time "18:02:36"]
[TimeControl "2700+45"]

1. e4 c6 2. d4 d5 3. exd5 cxd5 4. Bf4 Bf5 5. Nf3 e6 6. Bb5+ Nc6 7. O-O Qb6 8.
Nc3 Bb4 9. Bxc6+ bxc6 10. Na4 Qd8 11. Ne5 Rc8 12. Nc5 Bxc5 13. dxc5 Ne7 14. c3
Ng6 15. Nxg6 Bxg6 16. Bd6 Qa5 17. Qe2 Qa4 18. b4 a6 19. Qe5 Rg8 20. Rfe1 Qc2 21.
a4 Bd3 22. Re3 Bg6 23. Rae1 Qxa4 24. Qg5 {Black resigns} 1-0

[Event "Team 45 45 League T71"]
[Site "Internet Chess Club"]
[Date "2017.01.13"]
[Round "5"]
[White "Hal2001"]
[Black "krysto"]
[Result "1-0"]
[WhiteElo "1581"]
[BlackElo "1589"]
[Opening "French: Two knights variation"]
[ECO "C00"]
[Time "19:04:26"]
[TimeControl "2700+45"]

1. e4 e6 2. Nc3 d5 3. Nf3 Nf6 4. e5 Nfd7 5. d4 c5 6. dxc5 Bxc5 7. Bd3 Nc6 8. Bf4
Qb6 9. O-O Qxb2 10. Nb5 O-O 11. Bxh7+ Kxh7 12. Ng5+ Kg6 13. Qd3+ f5 14. exf6+
Kxf6 15. Rfb1 {Black resigns} 1-0

[Event "Team 45 45 League T71"]
[Site "Internet Chess Club"]
[Date "2017.01.14"]
[Round "5"]
[White "Pawnchain"]
[Black "Gilguli"]
[Result "0-1"]
[WhiteElo "1446"]
[BlackElo "1364"]
[Opening "Sicilian: Smith-Morra gambit"]
[ECO "B21"]
[Time "09:00:35"]
[TimeControl "2700+45"]

1. e4 c5 2. d4 cxd4 3. c3 dxc3 4. Nxc3 e6 5. Nf3 Bb4 6. Bd2 Nf6 7. Bd3 d6 8. a3
Ba5 9. O-O O-O 10. Qe2 Nbd7 11. b4 Bc7 12. Rac1 a6 13. Bg5 b5 14. Nd4 Bb7 15.
Rfd1 Ne5 16. Bb1 Nc4 17. a4 Na3 18. Bd3 Bb6 19. Nf3 Bc6 20. e5 h6 21. Bxf6 gxf6
22. exd6 f5 23. axb5 Nxb5 24. Nxb5 axb5 25. Bxb5 Bd5 26. d7 Kh7 27. Ne5 Ra2 28.
Rd2 Bxg2 29. Kxg2 Qg5+ 30. Kf1 {White resigns} 0-1

[Event "Team 45 45 League T71"]
[Site "Internet Chess Club"]
[Date "2017.01.15"]
[Round "5"]
[White "evan7284"]
[Black "calsal"]
[Result "1-0"]
[WhiteElo "1726"]
[BlackElo "1732"]
[Opening "King's Indian: Torre attack"]
[ECO "A48"]
[Time "14:00:44"]
[TimeControl "2700+45"]

1. d4 Nf6 2. Nf3 g6 3. Bg5 Bg7 4. Nbd2 O-O 5. e4 d6 6. Bd3 Nbd7 7. O-O c6 8. c3
e5 9. Nc4 Qc7 10. Qd2 exd4 11. cxd4 b5 12. Na3 Re8 13. Rfe1 a6 14. Rac1 Qb6 15.
Bf4 c5 16. d5 Ng4 17. h3 Nge5 18. Nxe5 Nxe5 19. Bb1 Bb7 20. Be3 Qc7 21. Bh6 Bh8
22. f4 Nd7 23. Qf2 b4 24. Nc4 Bd4 25. Ne3 Nf6 26. Red1 Nxe4 27. Bxe4 Rxe4 28.
Rd3 Qe7 29. f5 Bxd5 30. fxg6 hxg6 31. Qg3 Bxe3+ 32. Rxe3 Rxe3 33. Bxe3 Bxa2 34.
Bg5 Qe5 35. Qh4 Qh8 36. Qg3 Qxb2 37. Rf1 Qd4+ 38. Kh1 Qc3 39. Qh4 Qh8 40. Qg3 d5
41. Bf6 Qh5 42. Rf4 Qd1+ 43. Kh2 Qh5 44. Rh4 Kf8 45. Rxh5 gxh5 46. Qg7+ {Black
resigns} 1-0

[Event "Team 45 45 League T71"]
[Site "Internet Chess Club"]
[Date "2017.01.15"]
[Round "5"]
[White "Yedixon"]
[Black "rayonline53"]
[Result "1-0"]
[WhiteElo "1729"]
[BlackElo "1494"]
[Opening "Scandinavian defense"]
[ECO "B01"]
[Time "14:10:53"]
[TimeControl "2700+45"]

1. e4 d5 2. exd5 Nf6 3. c4 g6 4. d4 Bg7 5. Nf3 O-O 6. Nc3 Bg4 7. Be2 c6 8. dxc6
Nxc6 9. d5 Na5 10. b4 Bxf3 11. gxf3 Nxc4 12. Bxc4 Nxd5 13. Nxd5 Bxa1 14. Bg5 Bf6
15. Nxf6+ exf6 16. Qxd8 Rfxd8 17. Bxf6 Re8+ 18. Kf1 Rac8 19. Bb3 Rc1+ 20. Kg2
Rxh1 21. Kxh1 Re2 22. Kg2 Kf8 23. Kf1 Rd2 24. Ke1 Rd6 25. Be5 Rd8 26. Bf4 a6 27.
Ke2 Rd4 28. Be3 Rh4 29. Bd5 b5 30. Bb7 Rxh2 31. Bxa6 Rh5 32. Bc5+ Ke8 33. Bxb5+
Kd8 34. a4 Kc7 35. a5 Re5+ 36. Kf1 Rf5 37. a6 Rxf3 38. a7 Ra3 39. Bc4 {Black
resigns} 1-0

[Event "Team 45 45 League T71"]
[Site "Internet Chess Club"]
[Date "2017.01.13"]
[Round "5"]
[White "platolag"]
[Black "Chess4Him"]
[Result "1-0"]
[WhiteElo "1648"]
[BlackElo "1585"]
[Opening "Modern defense: Averbakh system"]
[ECO "A40"]
[Time "21:08:12"]
[TimeControl "2700+45"]

1. d4 g6 2. c4 Bg7 3. Nc3 d6 4. e4 e5 5. d5 a5 6. Be3 Nf6 7. Be2 h5 8. h3 Nbd7
9. Qc2 b6 10. O-O-O O-O 11. g4 Nc5 12. gxh5 Nxh5 13. Bxh5 gxh5 14. Qe2 f5 15.
Qxh5 fxe4 16. Bxc5 bxc5 17. Nxe4 Rf5 18. Qe2 Qh4 19. f3 Bh6+ 20. Kb1 Rf4 21.
Qg2+ Kh7 22. Ne2 Rf8 23. N2g3 Qf4 24. Qc2 Bf5 25. Nxf5 Qxf5 26. Rdg1 Kh8 27. Qg2
Rg8 28. Qf1 Rxg1 29. Rxg1 Rg8 30. Rxg8+ Kxg8 31. Qg2+ Kh8 32. Qg4 Qf4 33. Qxf4
Bxf4 34. Kc2 Kg7 35. Kb3 Bc1 36. Ka4 Bxb2 37. Kxa5 Ba3 38. Kb5 Bb4 39. a4 Kf7
40. a5 Bxa5 41. Kxa5 Kg6 42. Kb5 Kf5 43. Kc6 Kf4 44. Kxc7 Kxf3 45. Nxd6 e4 46.
Nxe4 Kxe4 47. d6 Kd4 48. d7 Kxc4 49. d8=Q {Black resigns} 1-0

[Event "Team 45 45 League T71"]
[Site "Internet Chess Club"]
[Date "2017.01.14"]
[Round "5"]
[White "mongmong"]
[Black "Konstantinos"]
[Result "1/2-1/2"]
[WhiteElo "1505"]
[BlackElo "1689"]
[Opening "Queen's pawn game, Darooha variation "]
[ECO "D02"]
[Time "12:04:14"]
[TimeControl "2700+45"]

1. d4 d5 2. Nf3 Nf6 3. c4 b6 4. Ne5 Bb7 5. e3 dxc4 6. Bxc4 e6 7. O-O Be7 8. a3
O-O 9. b4 Nc6 10. Nxc6 Bxc6 11. Nc3 Ne4 12. Nxe4 Bxe4 13. Bd3 Bb7 14. Bb2 Bf6
15. Be2 Rc8 16. Bf3 c6 17. Qb3 Qd6 18. Rac1 g6 19. Rc2 Rc7 20. Rfc1 Rfc8 21. Bc3
e5 22. dxe5 Bxe5 23. Bxe5 Qxe5 24. Qc3 Qe6 25. Qc4 Qxc4 26. Rxc4 Kf8 27. g3 f5
28. h4 Ke7 29. Rd4 Rd8 30. Rxd8 Kxd8 31. Rd1+ Rd7 32. Rxd7+ Kxd7 33. Kf1 Kc7 34.
Ke2 a5 35. Kd3 axb4 36. axb4 Ba6+ 37. Kd4 Kd6 38. e4 c5+ 39. bxc5+ bxc5+ 40. Ke3
Ke5 41. exf5 Kxf5 42. Bd1 Bb7 43. g4+ Kf6 44. f4 Bd5 45. Be2 {Game drawn by
mutual agreement} 1/2-1/2

[Event "Team 45 45 League T71"]
[Site "Internet Chess Club"]
[Date "2017.01.14"]
[Round "5"]
[White "Goli"]
[Black "Zugzwanged"]
[Result "1-0"]
[WhiteElo "1718"]
[BlackElo "1684"]
[Opening "French: exchange variation"]
[ECO "C01"]
[Time "16:30:51"]
[TimeControl "2700+45"]

1. e4 e6 2. d4 d5 3. exd5 exd5 4. Bd3 Bd6 5. Ne2 Nf6 6. Bg5 O-O 7. Nbc3 c6 8.
Qd2 Nbd7 9. O-O-O b5 10. Rde1 b4 11. Nd1 a5 12. f3 a4 13. g4 b3 14. a3 bxc2 15.
Qxc2 h6 16. Qxc6 hxg5 17. Qxa8 Qc7+ 18. Kb1 Bxa3 19. Qxa4 Bd6 20. h4 gxh4 21.
Rxh4 Bg3 22. Nxg3 Qxg3 23. Reh1 g6 24. Qc2 Kg7 25. Rh6 Qxf3 26. Bxg6 Qxg4 27.
Bf5 Qg5 28. R6h2 Ne5 29. Bxc8 Neg4 30. Bxg4 Nxg4 31. Rh7+ Kf6 32. Rf1+ Ke7 33.
Qc7+ Ke6 34. Qc6+ Ke7 35. Re1+ Kd8 36. Qd6+ Kc8 37. Qxf8+ Kb7 38. Rxf7+ Kc6 39.
Qc5# {Black checkmated} 1-0

[Event "Team 45 45 League T71"]
[Site "Internet Chess Club"]
[Date "2017.01.13"]
[Round "5"]
[White "tightfist"]
[Black "bayoumicardio10"]
[Result "0-1"]
[WhiteElo "1474"]
[BlackElo "1568"]
[Opening "King's Indian: Andersson variation"]
[ECO "E92"]
[Time "17:00:57"]
[TimeControl "2700+45"]

1. Nf3 Nf6 2. c4 g6 3. Nc3 Bg7 4. d4 O-O 5. e4 d6 6. Be2 e5 7. dxe5 dxe5 8. O-O
c6 9. Nxe5 Nxe4 10. Qxd8 Rxd8 11. Nxe4 Bxe5 12. Bg5 Re8 13. Bd3 Bf5 14. Rfe1
Bxe4 15. Rxe4 Nd7 16. Rb1 Nc5 17. Re3 Bxh2+ 18. Kxh2 Rxe3 19. Bxe3 Nxd3 20. b4
Ne5 21. c5 Ng4+ 22. Kg3 Nxe3 23. fxe3 Rd8 24. Rb2 f5 25. Kf3 Kf7 26. a4 h5 27.
b5 cxb5 28. axb5 Rc8 29. c6 bxc6 30. bxc6 a6 31. Rb6 a5 32. Ra6 a4 33. Rxa4 Rxc6
34. Kf4 Kf6 35. Ra8 Rc4+ 36. Kf3 Kg5 37. g3 h4 38. Rh8 Rg4 39. gxh4+ Rxh4 40.
Rf8 Rh3+ 41. Kf2 Kg4 42. Rf7 Rh2+ 43. Kf1 g5 44. Rf8 Rh3 45. Kf2 Rf3+ 46. Ke2
Kg3 47. Rf7 Kg2 48. Rg7 g4 49. e4 g3 50. e5 f4 51. Rg5 Re3+ 52. Kd2 Kf2 53. Rf5
f3 54. Rh5 g2 55. Rg5 Re2+ 56. Kd3 g1=Q 57. Rxg1 Kxg1 58. Kd4 f2 59. Kd5 f1=Q
{White resigns} 0-1

[Event "Team 45 45 League T71"]
[Site "Internet Chess Club"]
[Date "2017.01.13"]
[Round "5"]
[White "pokerram"]
[Black "kausika"]
[Result "1-0"]
[WhiteElo "1588"]
[BlackElo "1363"]
[Opening "King's Indian: 5.Nf3"]
[ECO "E90"]
[Time "13:00:29"]
[TimeControl "2700+45"]

1. Nf3 Nf6 2. c4 g6 3. Nc3 Bg7 4. e4 d6 5. d4 O-O 6. h3 c5 7. d5 Qa5 8. Bd2 Qc7
9. Bd3 a6 10. O-O e5 11. Qc1 Nh5 12. Bh6 f5 13. Bxg7 Kxg7 14. Ng5 Nf4 15. Bb1 b5
16. g3 b4 17. gxf4 bxc3 18. Qxc3 fxe4 19. fxe5 dxe5 20. Bxe4 Qd6 21. f4 Ra7 22.
fxe5 Qe7 23. e6+ {Black resigns} 1-0

[Event "Team 45 45 League T71"]
[Site "Internet Chess Club"]
[Date "2017.01.16"]
[Round "5"]
[White "clarinetref"]
[Black "Insan996"]
[Result "0-1"]
[WhiteElo "1550"]
[BlackElo "1605"]
[Opening "Caro-Kann: Bronstein-Larsen variation"]
[ECO "B16"]
[Time "21:10:46"]
[TimeControl "2700+45"]

1. e4 c6 2. d4 d5 3. Nc3 dxe4 4. Nxe4 Nf6 5. Nxf6+ gxf6 6. Be3 Bf5 7. Bd3 Bg6 8.
h4 Qd5 9. Nf3 Bh5 10. Be2 e6 11. Qd2 Nd7 12. Rg1 Rg8 13. c4 Qd6 14. a3 Qc7 15.
Qc2 Bg6 16. Bd3 Nb6 17. g4 O-O-O 18. O-O-O Kb8 19. g5 f5 20. Ne5 Bg7 21. Bf4 Ka8
22. Nxg6 Qd7 23. Ne5 Qxd4 24. Nxf7 Qxf4+ 25. Qd2 Qxd2+ 26. Rxd2 Rd7 27. g6 hxg6
28. Rxg6 Rxf7 29. Rxe6 Rh8 30. Rde2 a6 31. Re8+ Rxe8 32. Rxe8+ Ka7 33. Be2 Na4
34. Bh5 Rd7 35. Re2 Bxb2+ 36. Rxb2 Nxb2 37. Kxb2 Rd2+ 38. Kc3 Rxf2 39. Bg6 Kb6
40. h5 a5 41. h6 Rh2 42. h7 f4 43. a4 Kc5 44. Kd3 Kb4 45. Ke4 Kxa4 46. Kxf4 Kb4
47. Bd3 a4 48. Kg3 Rh6 {White resigns} 0-1

[Event "Team 45 45 League T71"]
[Site "Internet Chess Club"]
[Date "2017.01.14"]
[Round "5"]
[White "Gilguli"]
[Black "kutch"]
[Result "1/2-1/2"]
[WhiteElo "1369"]
[BlackElo "1460"]
[Opening "Vienna gambit"]
[ECO "C29"]
[Time "15:03:24"]
[TimeControl "2700+45"]

1. e4 e5 2. Nc3 Nf6 3. f4 d5 4. exd5 Nxd5 5. Nxd5 Qxd5 6. Qe2 Bd6 7. Qb5+ Qxb5
8. Bxb5+ c6 9. fxe5 Bxe5 10. Bc4 Bf5 11. Nf3 Bf6 12. c3 O-O 13. O-O Bg6 14. d4
Nd7 15. Bg5 Rae8 16. Rae1 Bxg5 17. Nxg5 Nf6 18. Re5 Rxe5 19. dxe5 Ne4 20. Nxe4
Bxe4 21. e6 Bd5 22. exf7+ Bxf7 23. Rxf7 Rxf7 24. g4 g5 25. Kg2 b5 26. Be6 c5 27.
Bxf7+ Kxf7 28. Kf3 Ke6 29. Ke4 c4 30. Kd4 Kd6 31. b3 cxb3 32. axb3 a5 33. c4 a4
34. cxb5 axb3 35. Kc3 Kc5 36. Kxb3 Kxb5 37. Kc3 Kc5 38. Kd3 Kd5 39. Ke3 Ke5 40.
Kf3 Kd4 41. Kg3 Ke3 42. h3 h6 43. Kg2 Ke2 44. Kg3 Ke3 {Game drawn by mutual
agreement} 1/2-1/2

[Event "Team 45 45 League T71"]
[Site "Internet Chess Club"]
[Date "2017.01.13"]
[Round "5"]
[White "sdcohle"]
[Black "bardu"]
[Result "1/2-1/2"]
[WhiteElo "1486"]
[BlackElo "1465"]
[Opening "Queen's Indian: 4.Nc3"]
[ECO "E12"]
[Time "21:00:20"]
[TimeControl "2700+45"]

1. d4 Nf6 2. c4 e6 3. Nf3 b6 4. Nc3 Bb4 5. Bd2 Bb7 6. e3 O-O 7. Be2 d6 8. a3
Bxc3 9. Bxc3 Ne4 10. Qc1 Qf6 11. O-O Qg6 12. Qc2 Nd7 13. Rad1 Ndf6 14. Bd3 Qg4
15. h3 Qh5 16. d5 exd5 17. Bxf6 Nxf6 18. Be2 c5 19. Nh2 Qg5 20. Bf3 Rab8 21.
cxd5 Nxd5 22. Qd2 Nf6 23. Bxb7 Rxb7 24. Qxd6 Rbb8 25. Nf3 Qf5 26. Qd3 Qxd3 27.
Rxd3 Rbd8 28. Rfd1 Rxd3 29. Rxd3 h6 30. b3 Ne4 31. Ne5 f6 32. Nc4 b5 33. Nb2 Re8
34. f3 Ng5 35. e4 Ne6 36. Kh2 Nf4 37. Rd2 Kf7 {Game drawn by mutual agreement}
1/2-1/2

[Event "Team 45 45 League T71"]
[Site "Internet Chess Club"]
[Date "2017.01.13"]
[Round "5"]
[White "Toalla"]
[Black "Aquaman"]
[Result "0-1"]
[WhiteElo "1230"]
[BlackElo "1366"]
[Opening "Robatsch (modern) defense"]
[ECO "B06"]
[Time "17:07:19"]
[TimeControl "2700+45"]

1. e4 g6 2. d4 Bg7 3. Nf3 d6 4. Be2 Nf6 5. Nbd2 Nbd7 6. b3 O-O 7. Bb2 Re8 8. O-O
c5 9. c3 b6 10. Re1 Bb7 11. Qc2 Rc8 12. d5 a6 13. c4 Bh6 14. Bd3 Nh5 15. g3 Nhf6
16. Kh1 Ng4 17. Kg1 Nge5 18. Bf1 Rb8 19. h3 Nxf3+ 20. Nxf3 Bc8 21. g4 Bf4 22.
Nh4 Ne5 23. Bg2 e6 24. Nf3 Nxf3+ 25. Bxf3 e5 26. Kh1 Qh4 27. Kg2 h5 28. Rh1 hxg4
29. hxg4 Qg5 30. Qe2 b5 31. Rh3 Kg7 32. Bc1 Bxc1 {White resigns} 0-1

[Event "Team 45 45 League T71"]
[Site "Internet Chess Club"]
[Date "2017.01.13"]
[Round "5"]
[White "bmw2002"]
[Black "rubo"]
[Result "0-1"]
[WhiteElo "1520"]
[BlackElo "1613"]
[Opening "English: symmetrical, main line with d4"]
[ECO "A39"]
[Time "21:04:56"]
[TimeControl "2700+45"]

1. c4 c5 2. g3 Nf6 3. Bg2 g6 4. Nc3 Bg7 5. Nf3 O-O 6. O-O Nc6 7. d4 cxd4 8. Nxd4
d6 9. Nxc6 bxc6 10. Bxc6 Rb8 11. b3 Bh3 12. Re1 Ng4 13. Bd2 Qb6 14. e3 Qxc6 15.
Nd5 Qd7 16. Rc1 Ne5 17. f3 Nd3 18. Rc2 Nxe1 19. Qxe1 Be6 20. Nb4 Rfc8 21. e4
Bd4+ 22. Kh1 Qb7 23. Qc1 f5 24. Nd5 fxe4 25. fxe4 Bg4 26. Kg2 Rf8 27. Be3 Bxe3
28. Qxe3 Qd7 29. Qg5 Bh3+ 30. Kg1 Rf1# {White checkmated} 0-1

[Event "Team 45 45 League T71"]
[Site "Internet Chess Club"]
[Date "2017.01.12"]
[Round "5"]
[White "nosir"]
[Black "Zyme"]
[Result "0-1"]
[WhiteElo "1508"]
[BlackElo "1452"]
[Opening "Queen's pawn game"]
[ECO "A46"]
[Time "20:04:08"]
[TimeControl "2700+45"]

1. d4 Nf6 2. Nf3 c5 3. Bg5 e6 4. c3 h6 5. Bxf6 Qxf6 6. e3 d5 7. Nbd2 Nc6 8. Bd3
Bd6 9. O-O O-O 10. b3 b6 11. e4 cxd4 12. Bb5 Bb7 13. Bxc6 Bxc6 14. exd5 Bxd5 15.
cxd4 Rac8 16. Rc1 Rc6 17. Qe2 Rfc8 18. Rxc6 Rxc6 19. Nc4 Bxf3 20. Qxf3 Qxf3 21.
gxf3 Be7 22. a4 Rc8 23. f4 Bf6 24. Rd1 Rd8 25. Ne5 a6 26. Kg2 h5 27. Kf3 Rc8 28.
Ke3 b5 29. axb5 axb5 30. Nd7 Be7 31. f3 Bb4 32. Ne5 Rc3+ 33. Rd3 Rc2 34. d5 Bc5+
35. Rd4 Bxd4+ 36. Kxd4 exd5 37. Kxd5 Rxh2 38. Kc5 Rb2 39. b4 h4 40. Ng4 h3 41.
Kxb5 f5 {White resigns} 0-1